 Dungeon Crawl Stone Soup version 0.29-a0-330-g52719c12eb (webtiles) character file.

Game seed: 9550358572236652221

995 kae the Firebug (level 8, -5/52 HPs)
             Began as an Octopode Fire Elementalist on Apr 18, 2022.
             Shot with an arrow by a centaur (11 damage)
             ... on level 5 of the Dungeon.
             The game lasted 00:04:09 (6661 turns).

kae the Firebug (Octopode Fire Elementalist)        Turns: 6661, Time: 00:04:10

Health: -5/52      AC:  1    Str:  7    XL:     8   Next: 19%
Magic:  13/13      EV: 14    Int: 25    God:
Gold:   320        SH:  0    Dex: 13    Spells: 8/14 levels left

rFire   . . .      SeeInvis .   l - +4 dagger (protect)
rCold   . . .      Faith    .   (no shield)
rNeg    . . .      Spirit   .   (helmet restricted)
rPois   .          Reflect  .   (no amulet)
rElec   .          Harm     .   h - +6 ring of intelligence
rCorr   .          Rampage  .   o - ring of flight
Will    .....                   (no ring)
Stlth   ++++......              (no ring)
HPRegen 0.17/turn               (no ring)
MPRegen 0.13/turn               (no ring)
                                (no ring)
                                (no ring)

@: flying
A: almost no armour, amphibious, 8 rings, camouflage 1, gelatinous body 1,
(nimble swimmer 1), tentacles
a: no special abilities


You were on level 5 of the Dungeon.
You visited 1 branch of the dungeon, and saw 5 of its levels.

You collected 320 gold pieces.

Inventory:

Hand Weapons
 d - a +0 whip
 l - a +4 dagger of protection (weapon)
Missiles
 c - a throwing net
Jewellery
 h - a +6 ring of intelligence (left tentacle)
 o - a ring of flight (right tentacle)
Scrolls
 k - a scroll of magic mapping
 m - a scroll of teleportation
Potions
 a - a potion of magic
 b - 3 potions of lignification
 e - 3 potions of invisibility
 f - a potion of mutation
 i - a potion of attraction
 j - a potion of flight {unknown}
 n - 2 potions of curing {unknown}
 p - a potion of degeneration {unknown}


   Skills:
 + Level 3.0 Fighting
 + Level 3.8 Dodging
 + Level 5.5 Stealth
 + Level 3.7 Spellcasting
 + Level 3.4 Conjurations
 * Level 5.8 Fire Magic


You had 8 spell levels left.
You knew the following spells:

 Your Spells              Type           Power      Damage    Failure   Level
a - Foxfire               Conj/Fire      100%       2x1d9     1%          1
b - Scorch                Fire           66%        2d8       1%          2
c - Conjure Flame         Conj/Fire      27%        6-21      4%          3

Your spell library contained the following spells:

 Spells                   Type           Power      Damage    Failure   Level
 Inner Flame              Hex/Fire       19%        N/A       9%          3
 Flame Wave               Conj/Fire      27%        2d7       14%         4
 Summon Cactus Giant      Summ           2%         N/A       100%        6


Dungeon Overview and Level Annotations

Branches:
Dungeon (5/15)
 Temple: D:4-7

Altars:
Okawaru

Shops:
D:2 =

Annotations:
D:5 exclusion: centaur, Edmund


Innate Abilities, Weirdness & Mutations

You cannot wear most types of armour.
You are amphibious.
You can wear up to eight rings at the same time.
Your skin changes colour to match your surroundings (Stealth+).
Your rubbery body absorbs attacks. (AC +1, EV +1)
((You are camouflaged when in or above water. (Stealth+)))
You have tentacles for arms and can constrict up to eight enemies at once.


Message History

You conjure some foxfire!
Your foxfire dissipates!
You start resting.
Your foxfire dissipates!
Found 11 gold pieces.
You start resting.
Magic restored.
Okay, then.
Press: ? - help, . - travel You can't see that place. [the floor.] Placed new exclusion.
There is an open door here.
You see here a +0 dagger of venom.
There is an open door here.
There is an open door here.
There is an open door here.
There is an open door here.
There is a stone staircase leading down here.
There is an open door here.
An orc wizard comes into view. It is wielding a +0 dagger.
The orc wizard shouts!
An orc comes into view. It is wielding a +0 hand axe.
The orc wizard moves out of view.
There are monsters nearby!
There are monsters nearby!
There are monsters nearby!
The orc shouts!
The centaur wields a +0 shortbow.
The centaur shoots an arrow.
The arrow barely misses you.
You hear a shout!
An orc comes into view. It is wielding a +0 trident.
The centaur shoots an arrow.
The arrow hits you!
The centaur shoots an arrow.
The arrow hits you!
The centaur shoots an arrow.
The arrow hits you!
The centaur shoots an arrow.
The arrow hits you!
* * * LOW HITPOINT WARNING * * *
There is a stone staircase leading up, spattered with blood here.
The centaur shoots an arrow.
The arrow hits you!
You die...

##...#'### ..o....?
#...#.#######o......
#............c......
##'..........## #
##..........#
###.......$o.#
#...รท........##
#.............#
#..........@..#
#.............#
#.....#####+#.#
#.............# #
#.....###.##### ...
#.........# ...
#....###### #$..
#....# #|.. ######
#...


You could see a centaur, an orc wizard and an orc.

Vanquished Creatures
  Prince Ribbit (D:5)
  A steam dragon (D:4)
  Menkaure (D:5)
  A water moccasin (D:4)
  A bullfrog (D:4)
  A scorpion (D:5)
  Dowan (D:5)
  An orc priest (D:5)
  A hound (D:5)
  2 iguanas
  An orc wizard (D:4)
  3 gnolls (D:4)
  3 adders
  An ufetubus (D:5)
  2 worms
  2 dart slugs
  6 orcs
  3 bats
  11 endoplasms
  4 giant cockroaches
  5 goblins
  4 hobgoblins
  5 quokkas
  3 ball pythons
  3 frilled lizards
  3 kobolds
  2 rats
72 creatures vanquished.

Vanquished Creatures (others)
  195 foxfires
195 creatures vanquished.

Grand Total: 267 creatures vanquished

Notes
Turn   | Place    | Note
-------+----------+-------------------------------------------
     0 | D:1      | kae the Octopode Fire Elementalist began the quest for the
                  | Orb.
     0 | D:1      | Reached XP level 1. HP: 11/11 MP: 3/3
   375 | D:1      | Reached XP level 2. HP: 17/17 MP: 5/5
   382 | D:1      | Learned a level 2 spell: Scorch
   911 | D:2      | Found Poackoh's Jewellery Shoppe.
  1097 | D:2      | Reached XP level 3. HP: 22/22 MP: 4/6
  1629 | D:2      | Found a faded altar of an unknown god.
  1991 | D:3      | Learned a level 3 spell: Conjure Flame
  2201 | D:3      | Reached XP level 4. HP: 27/27 MP: 0/7
  2721 | D:3      | Found an iron altar of Okawaru.
  2998 | D:4      | Reached skill level 1 in Fighting
  3280 | D:4      | Reached XP level 5. HP: 33/33 MP: 0/8
  3959 | D:4      | Noticed a steam dragon
  4083 | D:4      | Noticed a water moccasin
  4087 | D:4      | Killed a water moccasin
  4088 | D:4      | Reached XP level 6. HP: 18/39 MP: 5/10
  4459 | D:4      | Killed a steam dragon
  4460 | D:4      | Reached XP level 7. HP: 30/45 MP: 1/11
  4914 | D:5      | Entered Level 5 of the Dungeon
  5080 | D:5      | Reached skill level 5 in Fire Magic
  5452 | D:5      | Noticed Dowan
  5560 | D:5      | Noticed Prince Ribbit
  5567 | D:5      | Killed Prince Ribbit
  5568 | D:5      | Reached skill level 5 in Stealth
  5690 | D:5      | Killed Dowan
  5691 | D:5      | Reached XP level 8. HP: 51/51 MP: 9/13
  6319 | D:5      | Noticed Menkaure
  6481 | D:5      | Killed Menkaure
  6568 | D:5      | Noticed Edmund
  6661 | D:5      | Shot with an arrow by a centaur

Illustrated notes

Levels and vault maps discovered:
D:1:      wander_arrival_chamber, layout_basic
D:2:      layout_basic, dreamdust_ecumenical_altar_grove, serial_shops, shop
D:3:      layout_basic, mainiacjoe_overflow_alcove_1, kennysheep_generic_room_3
D:4:      layout_basic, grunt_ministairs_8, hangedman_decor_opposing,
          kennysheep_generic_room_16
D:5:      layout_basic, chequers_arboretum, uniq_duvessa, uniq_menkaure,
          uniq_edmund, uniq_prince_ribbit1

Skill      XL: |  1  2  3  4  5  6  7  8 |
---------------+-------------------------+-----
Stealth        | 3 4 5 |  5.5
Fighting       | 1 2 3 |  3.0
Fire Magic     | 4 5 |  5.8
Conjurations   | 2 3 |  3.4
Dodging        | 3 |  3.8
Spellcasting   | 3 |  3.7

Action                   |  1- 3 |  4- 6 |  7- 9 || total
-------------------------+-------+-------+-------++-------
Melee: Unarmed           |     4 |       |       ||     4
       Tentacles         |     9 |     1 |       ||    10
       Constrict         |     9 |     2 |     1 ||    12
       Whip              |    26 |     3 |       ||    29
       Punch             |     1 |       |       ||     1
       Dagger            |       |     1 |     3 ||     4
 Cast: Foxfire           |    52 |    34 |    26 ||   112
       Scorch            |     7 |    17 |    19 ||    43
       Conjure Flame     |       |     1 |       ||     1
  Use: Scroll            |     3 |     4 |     5 ||    12
 Stab: Sleeping          |     3 |     1 |       ||     4
Armor: Skin              |     3 |     2 |     2 ||     7
Dodge: Dodged            |    24 |    17 |    15 ||    56

Table legend: (Time is in decaauts)
 A = Elapsed time spent in this place.
 B = Non-inter-level travel time spent in this place.
 C = Inter-level travel time spent in this place.
 D = Time resting spent in this place.
 E = Time spent auto-exploring this place.
 F = Levels seen in this place.
 G = Mean time per level.
                   A        B        C        D        E       F      G
               +--------+--------+--------+--------+--------+-----+--------+
         Total |   6663 |   6455 |    208 |   1319 |   4354 |   5 | 1332.6 |
       Dungeon |   6663 |   6455 |    208 |   1319 |   4354 |   5 | 1332.6 |
               +--------+--------+--------+--------+--------+-----+--------+

Top non-repeatable levels by time:
     D:4: 2163 daAuts
     D:5: 1511 daAuts
     D:2: 1274 daAuts
     D:3: 1001 daAuts
     D:1: 712 daAuts
